 Dungeon Crawl Stone Soup version 0.26.1-11-gd32895ea62 (webtiles) character file.

Game seed: 13079054027740397549

2207 tardwrangler69 the Spear-Bearer (level 9, 0/72 (74) HPs)
             Began as a Merfolk Gladiator on Apr 27, 2021.
             Was a Believer of Okawaru.
             Slain by a killer bee (2 damage)
             ... on level 7 of the Dungeon.
             The game lasted 00:07:55 (7332 turns).

tardwrangler69 the Spear-Bearer (Merfolk Gladiator) Turns: 7332, Time: 00:07:55

HP:   0/72 (74)     AC:  6    Str: 17    XL:     9   Next: 34%
MP:   18/18         EV: 14    Int:  8    God:    Okawaru [**....]
Gold: 359           SH:  0    Dex: 15    Spells: 8/8 levels left

rFire    . . .     SeeInvis .   a - +0 trident
rCold    . . .     Faith    .   (no shield)
rNeg     . . .     Spirit   .   z - +0 steam dragon scales
rPois    .         Reflect  .   c - +0 helmet
rElec    .         Harm     .   e - +0 cloak
rCorr    .         Rampage  .   (no gloves)
Will     .....                  q - +2 pair of boots
Stlth    +.........             n - amulet of the acrobat
HPRegen  0.22/turn              k - ring of magical power
MPRegen  0.16/turn              f - -4 ring of protection (curse)

@: brilliant, lethally poisoned (0 -> -34), about to teleport, flying, lightly
drained
A: change form in water, swift swim, stealthy swim
a: Renounce Religion, Heroism


You were on level 7 of the Dungeon.
You worshipped Okawaru.
Okawaru was pleased with you.
You visited 2 branches of the dungeon, and saw 8 of its levels.

You collected 359 gold pieces.

Inventory:

Hand Weapons
 a - a +0 trident (weapon)
Missiles
 d - 5 throwing nets (quivered)
 u - 12 poisoned darts
Armour
 c - a +0 helmet (worn)
 e - a +0 cloak (worn)
 q - a +2 pair of boots (worn)
 z - +0 steam dragon scales (worn)
Jewellery
 f - a cursed -4 ring of protection (right hand)
 k - a ring of magical power (left hand)
 n - an amulet of the acrobat (around neck)
Wands
 x - a wand of polymorph (10)
 y - a wand of random effects (6)
 B - a wand of digging (3)
Scrolls
 h - a scroll of fog
 j - a scroll of brand weapon {unknown}
 l - a scroll of magic mapping
 o - 4 scrolls of teleportation
 t - 4 scrolls of identify
 A - a scroll of remove curse
Potions
 b - a potion of flight
 g - 3 potions of mutation
 i - a potion of heal wounds {unknown}
 m - a potion of resistance
 p - 2 potions of haste {unknown}
 r - 2 potions of invisibility
 s - 2 potions of might
 v - a potion of brilliance
 w - a potion of cancellation {unknown}


   Skills:
 + Level 8.0 Fighting
 - Level 14.0 Polearms
 - Level 2.0 Throwing
 - Level 4.0 Dodging


You had 8 spell levels left.
You didn't know any spells.
Your spell library contained the following spells:

 Spells                   Type           Power        Failure   Level
 Animate Skeleton         Necr           0%           41%         1
 Apportation              Tloc           0%           41%         1
 Corona                   Hex            0%           41%         1
 Pain                     Necr           0%           41%         1
 Summon Small Mammal      Summ           0%           41%         1
 Vampiric Draining        Necr           0%           78%         3
 Animate Dead             Necr           0%           99%         4
 Agony                    Necr           0%           100%        5


Dungeon Overview and Level Annotations

Branches:
Dungeon (7/15)             Temple (1/1) D:4

Altars:
Ashenzari
Elyvilon
Gozag
Makhleb
Okawaru
Qazlal
Sif Muna
Wu Jian
The Shining One

Annotations:
D:4 2 transporters, Dogology's ghost, amateur FoFi


Message History

You are more poisoned.
The killer bee poisons you!
It was a potion of brilliance.
You feel clever all of a sudden.
* * * LOW HITPOINT WARNING * * *
You feel very sick.
The killer bee stings you but does no damage.
The killer bee misses you. The killer bee closely misses you.
The killer bee stings you but does no damage.
The killer bee barely misses you. The killer bee closely misses you.
It was a potion of flight.
You feel very buoyant.
You fly up into the air.
* * * LOW HITPOINT WARNING * * *
You feel very sick.
The killer bee stings you but does no damage.
The killer bee misses you. The killer bee barely misses you.
The killer bee stings you but does no damage.
The killer bee closely misses you. The killer bee stings you.
You die...

...# #...... .................
...# ....... ..........†..##..
#..##.. ....... ............##...
....... ....... ............#...
..# ....... #......#.....). .##
........ ##......#.#(...† .####
........†###...............
....#..........y###......#......[
............##.y@#.....#.......##
#..†.......>...y.##...##.........
...........#....)..####.......#..
#..........#...#....# ###.....#.#
#........#.....#....# #......###
#.##....##........### #.....##
#.# #.#####........ ##...## .. ..
..##.##...# ##### .. #. ##.##


You could see 3 killer bees.

Vanquished Creatures
  Maggie (D:6)
  A hornet (D:7)
  An orc warrior (D:6)
  A black bear (D:6)
  2 ogres
  A centaur (D:7)
  Blork the orc (D:6)
  3 bullfrogs
  A scorpion (D:6)
  3 killer bees
  A howler monkey (D:6)
  A bullfrog zombie (D:6)
  4 orc wizards
  2 orc priests (D:6)
  A hound (D:4)
  4 iguanas
  7 worker ants
  A worker ant zombie (D:5)
  Robin (D:2)
  7 gnolls
  6 adders
  A shadow imp (D:6)
  A white imp (D:5)
  2 ufetubi (D:6)
  An ooze (D:4)
  An adder zombie (D:7)
  3 worms
  3 dart slugs
  6 leopard geckos
  11 orcs
  6 giant cockroaches
  9 goblins
  14 hobgoblins
  13 jackals
  5 kobolds
  4 quokkas
  2 ball pythons
  10 bats
  6 frilled lizards
  A jackal skeleton (D:4)
  A quokka skeleton (D:7)
  8 rats
158 creatures vanquished.

Notes
Turn   | Place    | Note
-------+----------+-------------------------------------------
     0 | D:1      | tardwrangler69 the Merfolk Gladiator began the quest for
                  | the Orb.
     0 | D:1      | Reached XP level 1. HP: 16/16 MP: 1/1
   146 | D:1      | Reached XP level 2. HP: 23/23 MP: 2/2
   163 | D:1      | Reached skill level 5 in Polearms
   301 | D:1      | Found a broken altar of Ashenzari.
   407 | D:1      | Reached XP level 3. HP: 28/28 MP: 3/3
   869 | D:2      | Reached skill level 6 in Polearms
   893 | D:2      | Noticed Robin
   925 | D:2      | Killed Robin
   926 | D:2      | Reached XP level 4. HP: 15/35 MP: 4/4
  1887 | D:3      | Reached skill level 7 in Polearms
  1993 | D:3      | Reached XP level 5. HP: 41/41 MP: 5/5
  2425 | D:4      | Noticed an ogre
  2431 | D:4      | Killed an ogre
  2432 | D:4      | Reached skill level 8 in Polearms
  2432 | D:4      | Reached XP level 6. HP: 35/48 MP: 6/6
  2730 | D:4      | Found a transporter.
  2730 | D:4      | Noticed Dogology's ghost (amateur FoFi)
  2734 | D:4      | Found a transporter.
  2994 | D:4      | Found a staircase to the Ecumenical Temple.
  3113 | Temple   | Entered the Ecumenical Temple
  3134 | Temple   | Became a worshipper of Warmaster Okawaru
  3361 | D:5      | Entered Level 5 of the Dungeon
  3728 | D:5      | Reached skill level 9 in Polearms
  4127 | D:6      | Reached XP level 7. HP: 51/55 MP: 7/7
  4228 | D:6      | Reached skill level 5 in Fighting
  4240 | D:6      | Reached skill level 10 in Polearms
  4426 | D:6      | Got a twitching zirconium amulet
  4470 | D:6      | Identified the amulet "Umoumipt" {Inacc rF+ Dex+3} (You
                  | found it on level 6 of the Dungeon)
  4611 | D:6      | Reached * piety under Okawaru
  4801 | D:6      | Noticed Blork the orc
  4815 | D:6      | Killed Blork the orc
  4856 | D:6      | Found a shimmering blue altar of Sif Muna.
  5057 | D:6      | Reached skill level 11 in Polearms
  5057 | D:6      | Reached XP level 8. HP: 19/64 MP: 8/8
  5590 | D:6      | Noticed Maggie
  5609 | D:6      | Killed Maggie
  5610 | D:6      | Reached skill level 12 in Polearms
  5670 | D:7      | Noticed a hornet
  5683 | D:7      | Killed a hornet
  5751 | D:6      | Reached skill level 13 in Polearms
  5943 | D:7      | Reached XP level 9. HP: 70/72 MP: 9/9
  6392 | D:7      | Reached ** piety under Okawaru
  7314 | D:7      | Reached skill level 14 in Polearms
  7332 | D:7      | HP: 2/72 [poisoned by a killer bee]
  7332 | D:7      | Slain by a killer bee

Illustrated notes

Levels and vault maps discovered:
D:1:      wander_arrival_fairy_ring, layout_basic, ashenzari_altar_1
D:2:      minmay_skewed_foursquare, layout_loops_ring, serial_bayou_crossing,
          uniq_robin
D:3:      layout_basic
D:4:      layout_basic, minmay_temple_entry_enclosed_plants,
          gammafunk_ghost_mausoleum
D:5:      layout_rooms, chequers_big_river, guppyfry_early_lair_pool
D:6:      layout_loops_ring, tgw_sif, uniq_maggie
D:7:      layout_cave_pools, minitemple
Temple:   zaba_magenta_temple

Skill      XL: |  1  2  3  4  5  6  7  8  9 |
---------------+----------------------------+-----
Polearms       | 5 6 7 8 9 11 13 14 | 14.0
Fighting       | 3 4 5 7 8 |  8.0
Throwing       | |  2.0
Dodging        | |  4.0

Action                   |  1- 3 |  4- 6 |  7- 9 || total
-------------------------+-------+-------+-------++-------
Melee: Trident           |   132 |   258 |   338 ||   728
       Tailslap          |       |     1 |       ||     1
       Punch             |       |       |     1 ||     1
Invok: Heroism           |       |       |     6 ||     6
  Use: Potion            |       |     2 |     9 ||    11
       Scroll            |       |     9 |     2 ||    11
 Stab: Sleeping          |     1 |       |     1 ||     2
       Invisible         |       |       |     2 ||     2
       Distracted        |       |       |     1 ||     1
Armor: Leather armour    |    24 |    51 |    24 ||    99
       Steam dragon scal |       |       |    34 ||    34
Dodge: Dodged            |    91 |   150 |   279 ||   520
